 Dungeon Crawl Stone Soup version 0.21.0-30-g47ce8e4 (webtiles) character file.

67 JeffiDaFish the Chiller (level 4, -2/34 HPs)
             Began as a Draconian Ice Elementalist on Jan 29, 2018.
             Killed from afar by an orc wizard (3 damage)
             ... with a magic dart
             ... on level 3 of the Dungeon.
             The game lasted 00:04:25 (2728 turns).

JeffiDaFish the Chiller (DrIE)                      Turns: 2728, Time: 00:04:26

Health: -2/34      AC: 10    Str: 10    XL:     4   Next: 0%
Magic:  0/8        EV: 12    Int: 16    God:
Gold:   64         SH:  0    Dex: 12    Spells: 2/8 levels left

rFire    . . .     SeeInvis .   c - +1 dagger
rCold    . . .     Gourm    .   (no shield)
rNeg     . . .     Faith    .   (armour unavailable)
rPois    .         Spirit   .   (helmet restricted)
rElec    .         Reflect  .   (no cloak)
rCorr    .         Harm     .   (no gloves)
MR       .....                  (no boots)
Stlth    ++........             (no amulet)
HPRegen  0.11/turn              (no ring)
MPRegen  0.11/turn              (no ring)

@: icy armour, very slightly contaminated, slowed, very slow
A: unfitting armour, cold-blooded, AC +5
a: no special abilities


You were on level 3 of the Dungeon.
You were not hungry.

You visited 1 branch of the dungeon, and saw 3 of its levels.

You collected 64 gold pieces.

Inventory:

Hand Weapons
 c - a +1 dagger (weapon)
Armour
 f - a +0 buckler
Scrolls
 e - a scroll of identify
Potions
 d - a potion of curing
Books
 a - a book of Frost

   Spells                             Type                      Level
   a - Freeze                         Ice                          1
   b - Throw Frost                    Conjuration/Ice              2
   c - Ozocubu's Armour               Charms/Ice                   3
   d - Throw Icicle                   Conjuration/Ice              4
   e - Summon Ice Beast               Ice/Summoning                4
Comestibles
 b - 6 rations


   Skills:
 - Level 0.3 Fighting
 - Level 0.1 Short Blades
 + Level 2.0 Dodging
 - Level 1.8 Stealth
 * Level 0.3 Shields
 * Level 2.9 Spellcasting
 + Level 1.0 Conjurations
 + Level 0.2 Charms
 + Level 3.8 Ice Magic


You had 2 spell levels left.
You knew the following spells:

 Your Spells              Type           Power        Failure   Level  Hunger
a - Freeze                Ice            ##..         3%          1    #......
b - Throw Frost           Conj/Ice       ##....       11%         2    ##.....
c - Ozocubu's Armour      Chrm/Ice       #.......     24%         3    ###....


Dungeon Overview and Level Annotations

Branches:
Dungeon (3/15)

Altars:
Elyvilon
Hepliaklqana
Nemelex Xobeh


Innate Abilities, Weirdness & Mutations

Your plain brown scales are hard. (AC +5)
You cannot fit into any form of body armour.
You are cold-blooded and may be slowed by cold attacks.


Message History

Aim: an orc wizard, wielding a dagger and wearing a robe (heavily wounded, fast)
You freeze the orc wizard.
The orc wizard is almost dead.
The orc wizard hits you with a dagger.
* * * LOW HITPOINT WARNING * * *
The orc hits you with a short sword.
* * * LOW HITPOINT WARNING * * *
The orc closely misses you. The orc wizard hits you with a dagger.
* * * LOW HITPOINT WARNING * * *
You closely miss the orc.
The orc is almost dead.
The orc wizard hits you but does no damage.
The orc hits you but does no damage. x2
The orc wizard hits you but does no damage.
The orc barely misses you. x2
You closely miss the orc.
The orc is almost dead.
The orc wizard points at you and mumbles some strange words.
The magic dart hits you!
You die...

#.#####
#.oo@o#
#####)# #.#
#.#
###.######
#..........
#.#.##.###.
#<#... #
#.####.#


You could see an orc wizard and 2 orcs.

Vanquished Creatures
  4 adders (D:2)
  A worm (D:2)
  A dart slug (D:1)
  4 leopard geckos
  An orc (D:3)
  A bat (D:2)
  2 giant cockroaches
  A hobgoblin (D:1)
  A ball python (D:2)
  2 frilled lizards
  2 goblins
  4 kobolds (D:2)
24 creatures vanquished.

Notes
Turn   | Place    | Note
-------+----------+-------------------------------------------
     0 | D:1      | JeffiDaFish the Draconian Ice Elementalist began the quest for the Orb.
     0 | D:1      | Reached XP level 1. HP: 14/14 MP: 3/3
   517 | D:1      | Reached XP level 2. HP: 12/20 MP: 0/5
   649 | D:1      | Learned a level 2 spell: Throw Frost
  1045 | D:2      | Reached XP level 3. HP: 17/26 MP: 0/6
  1626 | D:2      | Learned a level 3 spell: Ozocubu's Armour
  2099 | D:2      | Found a sparkling altar of Nemelex Xobeh.
  2099 | D:2      | Found a white marble altar of Elyvilon.
  2099 | D:2      | Found a hazy altar of Hepliaklqana.
  2713 | D:3      | Reached XP level 4. HP: 34/34 MP: 8/8
  2726 | D:3      | HP: 1/34 [orc wizard/dagger (3)]
  2728 | D:3      | Killed from afar by an orc wizard

Skill      XL: |  1  2  3 |
---------------+----------+-----
Dodging        | 2 |  2.0
Fighting       | |  0.3
Short Blades   | |  0.1
Stealth        | |  1.8
Shields        | |  0.3
Spellcasting   | |  2.9
Conjurations   | |  1.0
Charms         | |  0.2
Ice Magic      | |  3.8

Action                   |  1- 3 |  4- 6 || total
-------------------------+-------+-------++-------
Melee: Unarmed           |    31 |       ||    31
       Tailslap          |    10 |       ||    10
       Dagger            |    27 |     6 ||    33
 Cast: Freeze            |    39 |     5 ||    44
       Throw Frost       |     2 |       ||     2
       Ozocubu's Armour  |     1 |     1 ||     2
  Use: Potion            |     7 |       ||     7
       Scroll            |     6 |       ||     6
  Eat: Chunk             |     4 |       ||     4
       Ration            |     1 |       ||     1
Armor: Skin              |    17 |    15 ||    32
Dodge: Dodged            |    51 |    11 ||    62
